| TOP OF THE 1ST |
|
Orlando Devil Rays batting - Pitching for Kansas City Royals : LHP Denny Neagle
|
|
Pitching: LHP Denny Neagle
|
|
|
Batting: RHB Craig Biggio
|
0-0: Called Strike 0-1: Ball 1-1: Ball 2-1: Ball 3-1: Swinging Strike 3-2: SINGLE (Line Drive, 6D, EV 96.9 MPH)
|
|
Batting: RHB Brian Jordan
|
0-0: Ball 1-0: Ball 2-0: Fly out, F5 (Line Drive, 5, EV 61.3 MPH)
|
|
Batting: RHB Jeff Bagwell
|
0-0: Called Strike 0-1: Ball 1-1: Ball 2-1: Ball 3-1: Base on Balls Craig Biggio to second
|
|
Batting: RHB Ron Gant
|
0-0: Ball Jeff Bagwell steals 2nd base Craig Biggio steals 3rd base 1-0: Fly out, F8 (Line Drive, 8RD, EV 92.5 MPH) Runner from 3rd tags up, SCORES, no throw by CF
|
|
Batting: RHB Tim Salmon
|
0-0: Called Strike 0-1: Called Strike 0-2: Fly out, F7 (Flyball, 78S, EV 92.5 MPH)
|
| Top of the 1st over - 1 run, 1 hit, 0 errors, 1 left on base; Orlando 1 - Kansas City 0 |
| BOTTOM OF THE 1ST |
|
Kansas City Royals batting - Pitching for Orlando Devil Rays : LHP Jimmy Key
|
|
Pitching: LHP Jimmy Key
|
|
|
Batting: RHB Reggie L. Sanders
|
0-0: Ball 1-0: Fly out, F7 (Flyball, 7S, EV 81.3 MPH)
|
|
Batting: SHB Quilvio Veras
|
0-0: Ball 1-0: Ground out U3 (Groundball, 34, EV 103.8 MPH)
|
|
Batting: RHB Barry Larkin
|
0-0: Ball 1-0: Fly out, F6 (Popup, 4MD, EV 50.0 MPH)
|
| Bottom of the 1st over - 0 runs, 0 hits, 0 errors, 0 left on base; Orlando 1 - Kansas City 0 |
| TOP OF THE 2ND |
|
Orlando Devil Rays batting - Pitching for Kansas City Royals : LHP Denny Neagle
|
|
Batting: SHB Jose Valentin
|
0-0: Ball 1-0: Foul Ball, location: 2F 1-1: Ground out 4-3 (Groundball, 4, EV 85.0 MPH)
|
|
Batting: LHB Paul O'Neill
|
0-0: Ball 1-0: Foul Ball, location: 2F 1-1: Called Strike 1-2: Ball 2-2: SINGLE (Line Drive, 9LS, EV 101.9 MPH)
|
|
Batting: RHB Ron Karkovice
|
0-0: Ball 1-0: Ball 2-0: Swinging Strike 2-1: Foul Ball, location: 2F 2-2: Foul Ball, location: 2F 2-2: Strikes out swinging
|
|
Batting: RHB Jody Reed
|
0-0: Called Strike 0-1: Ball 1-1: Called Strike 1-2: Ball 2-2: Fielders Choice at 2nd, 6-4 (Groundball, 6, EV 106.3 MPH)
|
| Top of the 2nd over - 0 runs, 1 hit, 0 errors, 1 left on base; Orlando 1 - Kansas City 0 |
| BOTTOM OF THE 2ND |
|
Kansas City Royals batting - Pitching for Orlando Devil Rays : LHP Jimmy Key
|
|
Batting: LHB Jim Thome
|
0-0: Ball 1-0: Ball 2-0: Called Strike 2-1: Ball 3-1: Ground out 1-3 (Groundball, 34S, EV 81.9 MPH)
|
|
Batting: RHB Richard Hidalgo
|
0-0: Called Strike 0-1: Ball 1-1: Foul Ball, location: 2F 1-2: Foul Ball, location: 2F 1-2: SINGLE (Line Drive, 7S, EV 97.5 MPH)
|
|
Batting: RHB Randy Milligan
|
0-0: Called Strike 0-1: Ball 1-1: Called Strike 1-2: Strikes out swinging
|
|
Batting: RHB Tony Eusebio
|
0-0: SINGLE (Groundball, 34D, EV 94.4 MPH) Richard Hidalgo to second Runner from 2nd tries for 3rd, SAFE, no throw by RF
|
|
Batting: RHB Andruw Jones
|
0-0: Called Strike 0-1: Ball 1-1: Called Strike 1-2: Foul Ball, location: 2F 1-2: Strikes out swinging
|
| Bottom of the 2nd over - 0 runs, 2 hits, 0 errors, 2 left on base; Orlando 1 - Kansas City 0 |
| TOP OF THE 3RD |
|
Orlando Devil Rays batting - Pitching for Kansas City Royals : LHP Denny Neagle
|
|
Batting: RHB Craig Biggio
|
0-0: Called Strike 0-1: Foul Ball, location: 2F 0-2: Fly out, F7 (Flyball, 78D, EV 98.8 MPH)
|
|
Batting: RHB Brian Jordan
|
0-0: Called Strike 0-1: Called Strike 0-2: Strikes out swinging
|
|
Batting: RHB Jeff Bagwell
|
0-0: Called Strike 0-1: Swinging Strike 0-2: Strikes out swinging
|
| Top of the 3rd over - 0 runs, 0 hits, 0 errors, 0 left on base; Orlando 1 - Kansas City 0 |
| BOTTOM OF THE 3RD |
|
Kansas City Royals batting - Pitching for Orlando Devil Rays : LHP Jimmy Key
|
|
Batting: RHB Tim Naehring
|
0-0: Ball 1-0: Ball 2-0: Swinging Strike 2-1: Foul Ball, location: 2F 2-2: Ground out 5-3 (Groundball, 56, EV 110.6 MPH)
|
|
Batting: RHB Reggie L. Sanders
|
0-0: Called Strike 0-1: Foul Ball, location: 2F 0-2: Ball 1-2: Strikes out swinging
|
|
Batting: SHB Quilvio Veras
|
0-0: Ball 1-0: Called Strike 1-1: Foul Ball, location: 2F 1-2: Foul Ball, location: 2F 1-2: Foul Ball, location: 2F 1-2: Ball 2-2: Ball 3-2: Base on Balls
|
|
Batting: RHB Barry Larkin
|
0-0: Ground out 6-3 (Groundball, 6M, EV 103.8 MPH)
|
| Bottom of the 3rd over - 0 runs, 0 hits, 0 errors, 1 left on base; Orlando 1 - Kansas City 0 |
| TOP OF THE 4TH |
|
Orlando Devil Rays batting - Pitching for Kansas City Royals : LHP Denny Neagle
|
|
Batting: RHB Ron Gant
|
0-0: Swinging Strike 0-1: Ball 1-1: Foul Ball, location: 2F 1-2: Ball 2-2: Foul Ball, location: 2F 2-2: Ball 3-2: Foul Ball, location: 2F 3-2: Foul Ball, location: 2F 3-2: Foul Ball, location: 2F 3-2: Base on Balls
|
|
Batting: RHB Tim Salmon
|
0-0: Ball 1-0: Ball 2-0: Foul Ball, location: 2F 2-1: Ball 3-1: SINGLE (Groundball, 4MD, EV 109.4 MPH) Ron Gant to second Runner from 2nd tries for 3rd, SAFE, throw by CF made to third
|
|
Batting: SHB Jose Valentin
|
0-0: SINGLE (Groundball, 6MD, EV 101.9 MPH) Ron Gant scores Tim Salmon to second Runner from 2nd tries for 3rd, SAFE, throw by CF made to third
|
|
Batting: LHB Paul O'Neill
|
0-0: Called Strike 0-1: Foul Ball, location: 2F 0-2: Ball 1-2: Fly out, F7 (Flyball, 7, EV 89.4 MPH) Runner from 3rd tags up, SCORES, throw by LF
|
|
Batting: RHB Ron Karkovice
|
0-0: Ball 1-0: Called Strike 1-1: Foul Ball, location: 2F 1-2: Ball Jose Valentin steals 2nd base 2-2: Strikes out swinging
|
|
Batting: RHB Jody Reed
|
0-0: Foul Ball, location: 2F 0-1: Foul Ball, location: 2F 0-2: Ground out 4-3 (Groundball, 4M, EV 105.0 MPH)
|
| Top of the 4th over - 2 runs, 2 hits, 0 errors, 1 left on base; Orlando 3 - Kansas City 0 |
| BOTTOM OF THE 4TH |
|
Kansas City Royals batting - Pitching for Orlando Devil Rays : LHP Jimmy Key
|
|
Batting: LHB Jim Thome
|
0-0: Ball 1-0: Called Strike 1-1: Ball 2-1: Ball 3-1: Called Strike 3-2: Strikes out swinging
|
|
Batting: RHB Richard Hidalgo
|
0-0: Ball 1-0: Ground out 5-3 (Groundball, 5, EV 108.8 MPH)
|
|
Batting: RHB Randy Milligan
|
0-0: Swinging Strike 0-1: Ball 1-1: Ball 2-1: Swinging Strike 2-2: Fly out, F7 (Flyball, 7LM, EV 82.5 MPH)
|
| Bottom of the 4th over - 0 runs, 0 hits, 0 errors, 0 left on base; Orlando 3 - Kansas City 0 |
| TOP OF THE 5TH |
|
Orlando Devil Rays batting - Pitching for Kansas City Royals : LHP Denny Neagle
|
|
Batting: RHB Craig Biggio
|
0-0: Ball 1-0: Fly out, F7 (Flyball, 78M, EV 90.0 MPH)
|
|
Batting: RHB Brian Jordan
|
0-0: Swinging Strike 0-1: Ground out 5-3 (Groundball, 56, EV 81.9 MPH)
|
|
Batting: RHB Jeff Bagwell
|
0-0: Ground out 4-3 (Groundball, 4, EV 103.8 MPH)
|
| Top of the 5th over - 0 runs, 0 hits, 0 errors, 0 left on base; Orlando 3 - Kansas City 0 |
| BOTTOM OF THE 5TH |
|
Kansas City Royals batting - Pitching for Orlando Devil Rays : LHP Jimmy Key
|
|
Batting: RHB Tony Eusebio
|
0-0: Called Strike 0-1: Ball 1-1: Called Strike 1-2: Ball 2-2: Strikes out swinging
|
|
Batting: RHB Andruw Jones
|
0-0: Ball 1-0: Called Strike 1-1: Foul Ball, location: 2F 1-2: Foul Ball, location: 2F 1-2: Foul Ball, location: 2F 1-2: Foul Ball, location: 2F 1-2: Ball 2-2: Strikes out swinging
|
|
Batting: RHB Tim Naehring
|
0-0: Called Strike 0-1: Foul Ball, location: 2F 0-2: Strikes out looking
|
| Bottom of the 5th over - 0 runs, 0 hits, 0 errors, 0 left on base; Orlando 3 - Kansas City 0 |
| TOP OF THE 6TH |
|
Orlando Devil Rays batting - Pitching for Kansas City Royals : LHP Denny Neagle
|
|
Batting: RHB Ron Gant
|
0-0: Ball 1-0: Ball 2-0: Ball 3-0: Base on Balls
|
|
Batting: RHB Tim Salmon
|
0-0: Ball 1-0: Ball 2-0: Foul Ball, location: 2F 2-1: Ball 3-1: SINGLE (Groundball, 34D, EV 95.6 MPH) Ron Gant to second Runner from 2nd tries for 3rd, SAFE, no throw by RF
|
|
Batting: SHB Jose Valentin
|
0-0: Ball 1-0: Ball 2-0: SINGLE (Line Drive, 8RS, EV 94.4 MPH) Ron Gant scores Tim Salmon to second
|
|
Batting: LHB Paul O'Neill
|
0-0: Called Strike 0-1: Swinging Strike 0-2: Strikes out swinging
|
|
Batting: RHB Ron Karkovice
|
0-0: Called Strike 0-1: Foul Ball, location: 2F 0-2: Strikes out looking
|
|
Batting: RHB Jody Reed
|
0-0: Called Strike 0-1: Called Strike 0-2: Ball 1-2: Ball 2-2: Fielders Choice at 2nd, 5-4 (Groundball, 56, EV 83.1 MPH)
|
| Top of the 6th over - 1 run, 2 hits, 0 errors, 2 left on base; Orlando 4 - Kansas City 0 |
| BOTTOM OF THE 6TH |
|
Kansas City Royals batting - Pitching for Orlando Devil Rays : LHP Jimmy Key
|
|
Batting: RHB Reggie L. Sanders
|
0-0: Called Strike 0-1: Ball 1-1: Ball 2-1: Ball 3-1: Foul Ball, location: 2F 3-2: Fly out, F7 (Flyball, 78D, EV 100.0 MPH)
|
|
Batting: SHB Quilvio Veras
|
0-0: Foul Ball, location: 2F 0-1: Ball 1-1: Called Strike 1-2: Foul Ball, location: 2F 1-2: Ground out 4-3 (Groundball, 4M, EV 105.0 MPH)
|
|
Batting: RHB Barry Larkin
|
0-0: Ball 1-0: Fly out, F8 (Flyball, 8RD, EV 89.4 MPH)
|
| Bottom of the 6th over - 0 runs, 0 hits, 0 errors, 0 left on base; Orlando 4 - Kansas City 0 |
| TOP OF THE 7TH |
|
Orlando Devil Rays batting - Pitching for Kansas City Royals : LHP Denny Neagle
|
|
Batting: RHB Craig Biggio
|
0-0: Called Strike 0-1: Ball 1-1: Fly out, F8 (Flyball, 8LS, EV 89.4 MPH)
|
|
Batting: RHB Brian Jordan
|
0-0: Called Strike 0-1: Ball 1-1: Ground out 1-3 (Groundball, 13S, EV 61.9 MPH)
|
|
Batting: RHB Jeff Bagwell
|
0-0: Ball 1-0: Fly out, F7 (Flyball, 7S, EV 82.5 MPH)
|
| Top of the 7th over - 0 runs, 0 hits, 0 errors, 0 left on base; Orlando 4 - Kansas City 0 |
| BOTTOM OF THE 7TH |
|
Kansas City Royals batting - Pitching for Orlando Devil Rays : LHP Jimmy Key
|
|
Batting: LHB Jim Thome
|
0-0: Called Strike 0-1: Foul Ball, location: 2F 0-2: Ball 1-2: Ball 2-2: Fly out, F8 (Line Drive, 8RM, EV 83.8 MPH)
|
|
Pitching: RHP Scott Sullivan
|
|
|
Batting: RHB Richard Hidalgo
|
0-0: Ball 1-0: Ball 2-0: Swinging Strike 2-1: Swinging Strike 2-2: Ball 3-2: Foul Ball, location: 2F 3-2: Base on Balls
|
|
Batting: RHB Randy Milligan
|
0-0: Called Strike 0-1: Ball 1-1: Ball 2-1: 2-RUN HOME RUN (Flyball, 7LD, EV 98.1 MPH), Distance : 345 ft
|
|
Batting: RHB Tony Eusebio
|
0-0: Called Strike 0-1: Ball 1-1: Called Strike 1-2: Strikes out swinging
|
|
Batting: RHB Andruw Jones
|
0-0: Ground out 4-3 (Groundball, 4, EV 86.3 MPH)
|
| Bottom of the 7th over - 2 runs, 1 hit, 0 errors, 0 left on base; Orlando 4 - Kansas City 2 |
| TOP OF THE 8TH |
|
Orlando Devil Rays batting - Pitching for Kansas City Royals : LHP Denny Neagle
|
|
Batting: RHB Ron Gant
|
0-0: Ball 1-0: Ball 2-0: Ball 3-0: Base on Balls
|
|
Pitching: LHP Kevin Rogers
|
|
|
Batting: RHB Tim Salmon
|
0-0: Called Strike 0-1: Called Strike Ron Gant steals 2nd base 0-2: DOUBLE (Groundball, 5L, EV 105.0 MPH) Ron Gant scores
|
|
Batting: SHB Jose Valentin
|
0-0: Bunt missed! 0-1: Bunt missed! 0-2: Foul Ball, location: 2F 0-2: Ball 1-2: Fly out, F8 (Flyball, 8RD, EV 93.1 MPH)
|
|
Batting: LHB Paul O'Neill
|
0-0: Called Strike 0-1: 2-RUN HOME RUN (Flyball, 9D, EV 103.1 MPH), Distance : 377 ft
|
|
Batting: RHB Ron Karkovice
|
0-0: Ball 1-0: Ball 2-0: Ball 3-0: Called Strike 3-1: Foul Ball, location: 2F 3-2: Ground out 6-3 (Groundball, 6, EV 78.1 MPH)
|
|
Batting: RHB Jody Reed
|
0-0: Ground out 6-3 (Groundball, 4MS, EV 64.4 MPH)
|
| Top of the 8th over - 3 runs, 2 hits, 0 errors, 0 left on base; Orlando 7 - Kansas City 2 |
| BOTTOM OF THE 8TH |
|
Kansas City Royals batting - Pitching for Orlando Devil Rays : RHP Scott Sullivan
|
|
Batting: RHB Tim Naehring
|
0-0: Fly out, F4 (Popup, 34S, EV 83.1 MPH)
|
|
Batting: RHB Reggie L. Sanders
|
0-0: Called Strike 0-1: Swinging Strike 0-2: Ball 1-2: Strikes out swinging
|
|
Batting: SHB Quilvio Veras
|
0-0: Ball 1-0: Ball 2-0: Foul Ball, location: 2F 2-1: Ground out 4-3 (Groundball, 4, EV 93.1 MPH)
|
| Bottom of the 8th over - 0 runs, 0 hits, 0 errors, 0 left on base; Orlando 7 - Kansas City 2 |
| TOP OF THE 9TH |
|
Orlando Devil Rays batting - Pitching for Kansas City Royals : LHP Kevin Rogers
|
|
Batting: RHB Craig Biggio
|
0-0: Called Strike 0-1: Ball 1-1: Ground out 6-3 (Groundball, 6, EV 85.0 MPH)
|
|
Batting: RHB Brian Jordan
|
0-0: Ball 1-0: Ball 2-0: Called Strike 2-1: Fly out, F7 (Flyball, 7S, EV 95.0 MPH)
|
|
Batting: RHB Jeff Bagwell
|
0-0: Called Strike 0-1: Ball 1-1: Ground out 4-3 (Groundball, 4, EV 106.9 MPH)
|
| Top of the 9th over - 0 runs, 0 hits, 0 errors, 0 left on base; Orlando 7 - Kansas City 2 |
| BOTTOM OF THE 9TH |
|
Kansas City Royals batting - Pitching for Orlando Devil Rays : RHP Scott Sullivan
|
|
Batting: RHB Barry Larkin
|
0-0: Called Strike 0-1: Fly out, F8 (Line Drive, 8RD, EV 84.4 MPH)
|
|
Batting: LHB Jim Thome
|
0-0: Foul Ball, location: 2F 0-1: Ball 1-1: Foul Ball, location: 2F 1-2: Fly out, F8 (Line Drive, 8RM, EV 95.0 MPH)
|
|
Batting: RHB Richard Hidalgo
|
0-0: Called Strike 0-1: Called Strike 0-2: Ball 1-2: Strikes out swinging
|
| Bottom of the 9th over - 0 runs, 0 hits, 0 errors, 0 left on base; Orlando 7 - Kansas City 2 |
|